 Dungeon Crawl Stone Soup version 0.13.0-25-g43d4df3 (webtiles) character file.

391 Leibowitz the Ducker (level 6, -3/39 HPs)
             Began as a Kobold Fighter on Oct 27, 2013.
             Slain by an ogre
             ... wielding a cursed -3,-2 giant club
              (12 damage)
             ... on Level 4 of the Dungeon.
             The game lasted 00:09:30 (3281 turns).

Leibowitz the Ducker (Kobold Fighter)               Turns: 3281, Time: 00:09:30

HP  -3/39        AC  5     Str 16      XL: 6   Next: 36%
MP   5/5         EV 16     Int  6      God:
Gold 139         SH 12     Dex 16      Spells:  0 memorised,  5 levels left

Res.Fire  : . . .   See Invis. : .   a - +0 short sword
Res.Cold  : . . .   Warding    : .   p - +0 robe
Life Prot.: . . .   Conserve   : .   c - +0 buckler
Res.Poison: .       Res.Corr.  : .   e - +0 visored helmet
Res.Elec. : .       Clarity    : .   k - +0 elf cloak
Sust.Abil.: . .     Spirit.Shd : .   h - +0 pair of gauntlets
Res.Mut.  : .       Stasis     : .   (no boots)
Res.Rott. : .       Flight     : .   (no amulet)
Saprovore : + + .                    (no ring)
                                     (no ring)

@: slightly resistant to hostile enchantments, stealthy
A: disease resistance, carnivore 3, saprovore 2
a: no special abilities


You were on level 4 of the Dungeon.
You were completely stuffed.

You visited 1 branch of the dungeon, and saw 4 of its levels.

You collected 119 gold pieces.

Inventory:

Hand weapons
 a - a +0,+0 short sword (weapon)
Armour
 c - a +0 buckler (worn)
 e - a +0 visored helmet (worn)
 h - a +0 pair of gauntlets (worn)
 k - a +0 elven cloak (worn)
 p - a +0 robe (worn)
Comestibles
 d - a meat ration
 s - a cheese
 v - a sausage
Scrolls
 g - 2 scrolls of remove curse
 j - a scroll of magic mapping {unknown}
 l - a scroll of fear {unknown}
 m - 2 scrolls of identify {unknown}
 n - 2 scrolls of recharging {unknown}
 o - a scroll of enchant weapon II {unknown}
 t - a scroll of fog {unknown}
 w - 2 scrolls of amnesia {unknown}
 x - a scroll of curse armour {unknown}
 y - a scroll of random uselessness {unknown}
 z - 2 scrolls of curse weapon {unknown}
 A - a scroll of enchant armour {unknown}
Jewellery
 b - an uncursed ring of hunger {unknown}
Potions
 i - 2 potions of curing


   Skills:
 * Level 4.2 Fighting
 + Level 3.1 Short Blades
 + Level 2.7 Armour
 * Level 4.4 Dodging
 * Level 2.6 Stealth
 * Level 3.1 Shields


You had 5 spell levels left.
You didn't know any spells.

Dungeon Overview and Level Annotations

Branches:
Dungeon (4/27)
 Temple: D:4-7

Altars:
Cheibriados
the Shining One


Innate Abilities, Weirdness & Mutations

You recuperate from illness quickly.
You are small and have problems with some larger weapons.
You are carnivorous and can eat meat at any time.
You can eat rotten meat.


Message History

You hit the ogre.
The ogre is almost dead.
The ogre closely misses you.
You barely miss the ogre.
The ogre is almost dead.
The ogre misses you.
You hit the ogre but do no damage.
The ogre is almost dead.
You hit the ogre.
The ogre is almost dead.
You block the ogre's attack.
You hit the ogre.
The ogre is almost dead.
The ogre closely misses you.
You barely miss the ogre.
The ogre is almost dead.
You hit the ogre.
The ogre is almost dead.
The ogre hits you with a giant club!
You die...

.........
#.........#
##.........#
.......$%..# .
..##.........#..
..%..............
....##..<......####
.........O.........
#......@#########
#.......######
#..............
#.......######
#.......# #.......#
#......<# #########


You could see an ogre.

Vanquished Creatures
  An ice beast (D:3)
  An orc priest (D:3)
  4 adders
  A worm (D:2)
  An ooze (D:1)
  5 orcs (D:3)
  4 giant cockroaches
  7 hobgoblins
  2 jackals (D:1)
  2 quokkas
  5 bats
  A giant gecko (D:3)
  5 giant newts
  7 goblins
  5 kobolds
  35 rats
86 creatures vanquished.

Notes
Turn   | Place    | Note
--------------------------------------------------------------
     0 | D:1      | Leibowitz, the Kobold Fighter, began the quest for the Orb.
     0 | D:1      | Reached XP level 1. HP: 14/14 MP: 0/0
   236 | D:1      | Reached XP level 2. HP: 17/19 MP: 1/1
   357 | D:1      | Reached skill level 1 in Dodging
   599 | D:2      | Reached XP level 3. HP: 8/24 MP: 2/2
  1010 | D:2      | Found a snail-covered altar of Cheibriados.
  1303 | D:2      | Reached skill level 1 in Stealth
  1384 | D:2      | Reached XP level 4. HP: 25/28 MP: 3/3
  1949 | D:3      | Noticed an ice beast
  2339 | D:3      | Found a glowing golden altar of the Shining One.
  2630 | D:3      | Reached XP level 5. HP: 28/33 MP: 4/4
  3027 | D:3      | Killed an ice beast
  3027 | D:3      | Reached skill level 4 in Fighting
  3027 | D:3      | Reached XP level 6. HP: 39/39 MP: 5/5
  3281 | D:4      | Slain by an ogre

Action                   |  1- 3 |  4- 6 || total
-------------------------+-------+-------++-------
Melee: Short sword       |   138 |   240 ||   378
  Use: Scroll            |     3 |       ||     3
       Potion            |       |     7 ||     7
 Stab: Sleeping          |     1 |     6 ||     7
